AoeStats
← jesterkori

Lombardia

509648793Analyzed
4v4 RM · 4d ago on Sep 27, 2026· 84m 55s· 8 players
Game mode
Random Map
Map size
Large (8 player)
Population
200
Speed
Normal
Resources
Standard
Victory
Conquest
Starting age
Dark Age
Ending age
Imperial Age
RankedLock teamsTeams togetherTeam positionsShared explorationLock speedFull tech treeHidden civsTurbo modeCheats
Victory
Defeat
🇮🇳 Danes · India
1274
+13
🇮🇳 Spanish · India
1255
+14
🇮🇳 Lithuanians · India
1251
+14
🇺🇸 Khmer · United States
1065
+23
🇳🇱 Turks · Netherlands
1259
-17
🇨🇦 Malay · Canada
1234
-17
🇯🇵 Teutons · Japan
1199
-16
🇹🇷 Cumans · Türkiye
1152
-14
P3psiMan
5:23 Loom
11:19 Feudal Age
15:51 Castle Age
13:44 Double-Bit Axe
14:37 Scale Barding Armor
16:11 Forging
16:55 Chain Barding Armor
18:37 Bloodlines
22:15 Husbandry
23:25 Horse Collar
27:37 Gold Mining
29:45 Iron Casting
30:13 Wheelbarrow
30:07 Bow Saw
29:58 Heavy Plow
35:34 Imperial Age
34:20 Hand Cart
35:07 Light Cavalry
35:39 Fletching
36:43 Conscription
36:59 Plate Barding Armor
37:26 Blast Furnace
35:48 Cavalier
38:29 Two-Man Saw
37:22 Stone Mining
37:56 Town Watch
38:30 Paladin
39:56 Bodkin Arrow
40:18 Hussar
41:30 Town Patrol
55:46 Murder Holes
56:12 Ballistics
56:52 Chemistry
69:32 Bombard Tower
69:26 Fortified Wall
70:32 Coinage
70:06 Caravan
73:18 Banking
78:30 Capped Ram
80:32 Siege Ram
hawkizhere
10:42 Feudal Age
9:01 Loom
10:47 Feudal Age
12:12 Double-Bit Axe
14:47 Castle Age
13:10 Horse Collar
15:03 Scale Mail Armor
15:14 Forging
15:41 Bow Saw
22:04 Arson
26:28 Wheelbarrow
26:36 Heavy Plow
30:36 Imperial Age
29:24 Gold Mining
29:58 Scale Mail Armor
30:08 Forging
30:00 Squires
29:47 Gambesons
31:01 Gold Shaft Mining
30:51 Hand Cart
30:21 Town Watch
31:33 Chain Mail Armor
33:56 Plate Mail Armor
34:57 Town Watch
35:25 Elite Varangian Guard
37:23 Conscription
37:02 Pikeman
38:28 Iron Casting
42:55 Blast Furnace
42:59 Caravan
43:30 Coinage
42:46 Hamask
43:01 Pikeman
43:50 Capped Ram
44:39 Halberdier
45:53 Siege Ram
50:35 Man-at-Arms
55:10 Onager
57:03 Siege Onager
65:37 Northmen's Fury
65:57 Long Swordsman
71:35 Two-Handed Swordsman
74:33 Chemistry
73:38 Murder Holes
74:56 Siege Engineers
75:12 Ballistics
75:06 Champion
80:54 Banking
jesterkori
11:05 Feudal Age
15:40 Castle Age
13:55 Double-Bit Axe
13:52 Horse Collar
18:28 Loom
24:43 Bloodlines
24:33 Husbandry
25:13 Wheelbarrow
25:10 Bow Saw
25:24 Scale Barding Armor
25:31 Forging
26:07 Heavy Plow
26:43 Hand Cart
26:14 Town Watch
33:00 Imperial Age
33:09 Imperial Age
34:08 Iron Casting
35:44 Crop Rotation
35:47 Conscription
36:22 Chain Barding Armor
36:21 Fortified Wall
36:22 Fletching
35:55 Elite Leitis
39:08 Plate Barding Armor
41:15 Light Cavalry
41:48 Cavalier
43:09 Winged Hussar
51:25 Fletching
51:44 Caravan
58:28 Paladin
61:07 Paladin
72:43 Bodkin Arrow
72:12 Elite Skirmisher
83:17 Chemistry
Shot-A-Burger
4:36 Loom
9:10 Loom
11:49 Feudal Age
14:58 Castle Age
12:49 Double-Bit Axe
13:13 Horse Collar
16:40 Bow Saw
16:32 Heavy Plow
20:18 Bloodlines
20:09 Husbandry
24:30 Wheelbarrow
23:40 Town Watch
24:21 Scale Barding Armor
24:28 Forging
27:19 Stone Mining
27:25 Gold Mining
27:25 Stone Mining
31:53 Imperial Age
29:39 Hand Cart
31:23 Light Cavalry
32:03 Heavy Scorpion
32:55 Siege Engineers
33:57 Crop Rotation
33:33 Onager
34:34 Hand Cart
34:20 Town Patrol
35:25 Hussar
36:36 Chain Barding Armor
36:53 Iron Casting
39:33 Caravan
41:30 Chemistry
41:05 Ballistics
44:08 Double Crossbow
44:36 Conscription
44:23 Pikeman
44:55 Arson
45:17 Scale Mail Armor
46:17 Blast Furnace
47:24 Halberdier
48:24 Chain Mail Armor
49:06 Gold Shaft Mining
48:46 Stone Mining
49:06 Capped Ram
51:06 Coinage
53:09 Plate Barding Armor
53:09 Siege Ram
54:41 Banking
57:27 Fletching
57:37 Padded Archer Armor
66:17 Cavalier
66:22 Elite Battle Elephant
67:18 Bodkin Arrow
67:38 Leather Archer Armor
70:18 Fortified Wall
70:20 Masonry
75:50 Tusk Swords
79:15 Elite Ballista Elephant
80:32 Hoardings
79:29 Sappers
80:12 Bracer
80:43 Ring Archer Armor
djcarrie04
11:18 Feudal Age
15:10 Castle Age
15:35 Wheelbarrow
14:46 Loom
15:42 Double-Bit Axe
15:38 Horse Collar
17:55 Bow Saw
20:59 Man-at-Arms
22:08 Forging
21:49 Long Swordsman
23:32 Squires
24:56 Pikeman
27:05 Heavy Plow
31:59 Imperial Age
29:56 Gold Mining
31:12 Masonry
30:48 Two-Handed Swordsman
32:06 Iron Casting
32:54 Ballistics
32:46 Forced Levy
33:48 Scale Barding Armor
34:44 Blast Furnace
35:42 Gold Shaft Mining
35:07 Stone Mining
35:58 Conscription
36:45 Chemistry
35:38 Fletching
36:59 Husbandry
37:27 Elite Battle Elephant
38:44 Caravan
39:07 Bodkin Arrow
38:55 Halberdier
41:58 Bracer
41:59 Padded Archer Armor
46:06 Hand Cart
45:37 Town Watch
46:31 Stone Shaft Mining
46:28 Crop Rotation
51:14 Siege Engineers
51:21 Careening
52:22 Light Cavalry
53:20 Leather Archer Armor
56:48 Coinage
56:05 Onager
57:28 Arson
58:55 Banking
73:28 Sappers
76:53 Ring Archer Armor
76:33 Elite Karambit Warrior
kibusi
5:09 Loom
10:47 Feudal Age
18:08 Castle Age
17:16 Horse Collar
17:43 Double-Bit Axe
19:49 Scale Barding Armor
20:08 Forging
22:09 Town Watch
24:57 Chain Barding Armor
25:12 Iron Casting
25:28 Wheelbarrow
28:09 Iron Casting
27:46 Bow Saw
28:36 Bloodlines
28:45 Gold Mining
28:46 Stone Mining
29:52 Fletching
31:30 Hand Cart
31:16 Town Patrol
34:15 Imperial Age
31:48 Scale Mail Armor
31:44 Bodkin Arrow
32:43 Stone Shaft Mining
32:20 Masonry
32:31 Ballistics
34:25 Cavalier
35:43 Plate Barding Armor
36:09 Blast Furnace
35:24 Chain Mail Armor
35:14 Caravan
35:24 Guilds
36:01 Padded Archer Armor
35:27 Pikeman
36:08 Squires
35:53 Arson
36:48 Heavy Plow
37:51 Two-Man Saw
38:56 Crop Rotation
38:05 Paladin
39:11 Siege Engineers
40:07 Chemistry
39:18 Fortified Wall
38:52 Halberdier
40:27 Gambesons
40:19 Man-at-Arms
43:31 Plate Mail Armor
43:17 Leather Archer Armor
48:17 Ironclad
47:18 Elite Teutonic Knight
48:31 Long Swordsman
51:39 Capped Ram
55:47 Two-Handed Swordsman
65:05 Onager
66:32 Hoardings
68:44 Champion
69:06 Siege Onager
FATİH
0:29 Loom
9:43 Feudal Age
10:24 Double-Bit Axe
16:10 Horse Collar
18:04 Gold Mining
22:25 Castle Age
21:11 Wheelbarrow
21:40 Bloodlines
21:25 Stone Mining
22:19 Scale Barding Armor
22:15 Scale Mail Armor
22:25 Forging
22:59 Forging
25:06 Hand Cart
26:48 Heavy Plow
28:51 Light Cavalry
32:29 Imperial Age
30:14 Bow Saw
32:20 Chain Barding Armor
32:15 Chain Mail Armor
32:36 Iron Casting
31:51 Fletching
32:01 Padded Archer Armor
34:43 Two-Man Saw
34:22 Conscription
33:26 Hussar
36:56 Chemistry
36:17 Ballistics
36:05 Elite Kipchak
37:57 Steppe Husbandry
39:04 Cuman Mercenaries
45:01 Blast Furnace
43:57 Bodkin Arrow
44:17 Leather Archer Armor
44:33 Plate Mail Armor
44:38 Plate Barding Armor
48:41 Guilds
49:01 Coinage
48:32 Caravan
52:55 Elite Skirmisher
54:04 Parthian Tactics
55:24 Gold Shaft Mining
54:31 Cavalier
59:16 Ring Archer Armor
58:35 Town Watch
62:04 Elite Steppe Lancer
Deathiscoming
7:29 Loom
9:54 Feudal Age
10:50 Double-Bit Axe
17:00 Town Watch
17:52 Wheelbarrow
17:03 Horse Collar
21:26 Castle Age
19:11 Town Watch
21:28 Castle Age
21:11 Fletching
21:28 Gold Mining
23:14 Bow Saw
25:32 Bodkin Arrow
25:48 Husbandry
25:59 Bloodlines
28:11 Gold Shaft Mining
27:42 Padded Archer Armor
28:46 Thumb Ring
31:05 Hand Cart
30:56 Heavy Plow
30:55 Stone Mining
32:11 Sipahi
33:07 Leather Archer Armor
35:31 Ballistics
34:52 Treadmill Crane
35:23 Masonry
35:17 Caravan
36:12 Fortified Wall
37:12 Scale Barding Armor
37:18 Forging
40:11 Imperial Age
41:46 Parthian Tactics
41:29 Bracer
42:00 Ring Archer Armor
43:09 Conscription
42:53 Artillery
43:23 Bombard Tower
43:34 Architecture
44:31 Elite Janissary
45:37 Chain Barding Armor
45:53 Iron Casting
48:24 Plate Barding Armor
48:50 Blast Furnace
49:18 Hoardings
48:06 Heavy Cavalry Archer
49:24 Guilds
75:08 Heavy Camel Rider
Connection lost

Rejoining the realm…

Still unreachable

The connection could not be restored.

Session expired

The server has moved on; the page needs a fresh start.